Map: [ESL] Ancient Cistern

Players

A.I. 1 (Very Easy) - Winner!

  • Race: Zerg Zerg
  • Spawn Location: 1:00

MapeTheApe

  • Race: Protoss Protoss
  • League: Grandmaster
  • Spawn Location: 7:00

VOD

Have the link to the VOD?

Description

Time

  • Played on: Jan. 25, 2023, 5:41 p.m.
  • Length: 6:58
Show
View Real Time Build Order
Export as new Build Order

A.I. 1 (Very Easy) Zerg - Winner!

Build Orders: Hatch First 

Get SALT Encoding   

  12  0:01  Drone  
  13  0:12  Overlord  
  13  0:16  Drone  
  14  0:41  Hatchery  
  13  0:45  Drone  
  14  1:04  Spawning Pool  
  14  1:05  Extractor  
  14  1:08  Drone  
  13  1:15  Drone  
  14  1:21  Overlord  
  14  1:51  Zergling x2  
  14  1:52  Queen  
  18  1:54  Zergling x2  
  18  2:02  Roach Warren  
  18  2:06  Drone  
  18  2:10  Extractor  
  18  2:13  Drone  
  18  2:17  Zergling x2  
  18  2:22  Drone  
  20  2:29  Drone  
  21  2:37  Drone  
  22  2:44  Drone  
  23  2:51  Drone  
  24  2:58  Drone  
  24  3:05  Drone  
  25  3:06  Roach  
  25  3:12  Drone  
  27  3:17  Overlord  
  27  3:22  Drone  
  27  3:29  Drone  
  28  3:36  Drone  
  29  3:43  Drone  
  29  3:47  Lair  
  30  3:50  Drone  
  30  3:54  Roach  
  33  3:59  Drone  
  34  4:04  Overlord  
  34  4:07  Drone  
  33  4:14  Drone  
  34  4:21  Drone  
  35  4:28  Drone  
  36  4:35  Drone  
  37  4:43  Drone, Zergling x2  
  34  4:48  Overseer  
  34  4:50  Drone, Overseer  
  35  4:57  Drone  
  36  5:04  Drone  
  36  5:05  Extractor  
  36  5:11  Extractor  
  36  5:12  Drone  
  36  5:19  Drone  
  37  5:26  Drone  
  38  5:31  Ravager  
  38  5:32  Zergling x2  
  38  5:33  Drone  
  41  5:40  Drone  
  42  5:47  Drone  
  42  5:49  Overlord  
  43  5:54  Drone  
  44  6:02  Drone  
  45  6:09  Drone  
  46  6:17  Drone  
  47  6:20  Roach  
  47  6:23  Overseer  
  47  6:24  Overlord  
  47  6:25  Drone  
  47  6:32  Drone  
Show
View Real Time Build Order
Export as new Build Order

MapeTheApe Protoss 

Build Orders: 1 Gate Expand, Oracle Opening 

Get SALT Encoding   

  12  0:00  Probe  
  13  0:13  Pylon  
  13  0:17  Probe (Chrono Boost)  
  14  0:26  Probe (Chrono Boost)  
  15  0:31  Probe (Chrono Boost)  
  16  0:39  Gateway  
  16  0:44  Probe  
  17  0:50  Assimilator  
  17  0:56  Probe  
  18  1:08  Probe  
  19  1:20  Probe  
  20  1:27  Nexus  
  20  1:35  Cybernetics Core  
  20  1:37  Probe  
  21  1:42  Assimilator  
  21  1:49  Probe  
  21  1:52  Pylon  
  22  2:02  Probe (Chrono Boost), Adept  
  23  2:14  Probe (Chrono Boost)  
  26  2:20  Probe (Chrono Boost)  
  26  2:21  Stargate  
  27  2:28  Probe (Chrono Boost)  
  28  2:35  Stalker  
  30  2:41  Warp Gate  
  31  2:47  Probe (Chrono Boost)  
  31  2:48  Probe (Chrono Boost)  
  32  2:52  Probe (Chrono Boost)  
  32  2:56  Probe  
  34  3:02  Probe  
  35  3:06  Oracle (Chrono Boost)  
  35  3:08  Probe  
  35  3:11  Pylon  
  39  3:14  Probe  
  39  3:18  Gateway  
  40  3:20  Probe  
  40  3:26  Probe  
  42  3:32  Probe  
  42  3:34  Oracle (Chrono Boost)  
  43  3:39  Probe  
  47  3:44  Probe  
  47  3:45  Nexus  
  48  3:48  Pylon  
  48  3:51  Probe  
  49  3:56  Probe  
  49  3:57  Pylon  
  49  4:02  Assimilator  
  50  4:03  Probe  
  50  4:04  Assimilator  
  51  4:11  Probe  
  51  4:12  Twilight Council  
  51  4:14  Forge  
  52  4:18  Probe  
  52  4:23  Probe  
  54  4:29  Gateway  
  54  4:30  Gateway  
  54  4:31  Probe  
  55  4:35  Probe  
  55  4:36  Pylon  
  56  4:42  Blink (Chrono Boost)  
  56  4:43  Probe  
  56  4:45  Sentry x2  
  61  4:47  Probe  
  61  4:48  Protoss Ground Weapons Level 1 (Chrono Boost)  
  62  4:55  Probe  
  62  4:59  Probe x2  
  65  5:00  Gateway  
  65  5:04  Gateway  
  65  5:10  Gateway  
  65  5:13  Probe x2  
  65  5:14  Probe  
  68  5:20  Sentry, Stalker  
  72  5:24  Pylon  
  72  5:25  Probe  
  72  5:26  Probe x2  
  75  5:29  Stalker  
  75  5:33  Shield Battery  
  77  5:37  Probe, Stalker  
  77  5:39  Probe  
  77  5:41  Probe  
  82  5:45  Pylon  
  82  5:47  Gateway  
  82  5:49  Probe  
  83  5:51  Stalker  
  83  5:53  Stalker  
  89  6:00  Stalker  
  90  6:05  Stalker x3  
  90  6:08  Stalker  
  97  6:14  Stalker  
  99  6:21  Stalker  
  101  6:32  Stalker x4  
  109  6:51  Pylon x2  
  109  6:52  Pylon x2  
  109  6:57  Pylon  
Tags
 
Add a new tag
Caveats
  • Supply blocks, unpowered buildings, or Contaminate may cause inaccurate times.
  • Supply counts are checked every 10 seconds.